 Dungeon Crawl Stone Soup version 0.31-a0-102-g33a4ccc0cb (webtiles) character file.

Game seed: 8610419209197798209

620 Jeffwins the Firebug (level 7, 0/34 HPs)
             Began as a Vine Stalker Wanderer on May 26, 2023.
             Killed by divine providence
             ... invoked by an orc priest
              (10 damage)
             ... on level 4 of the Dungeon.
             The game lasted 00:04:29 (3638 turns).

Jeffwins the Firebug (Vine Stalker Wanderer)        Turns: 3638, Time: 00:04:30

Health: 0/34       AC:  6    Str: 13    XL:     7   Next: 46%
Magic:  0/14       EV: 10    Int: 14    God:
Gold:   135        SH:  0    Dex: 15    Spells: 13/14 levels left

rFire   . . .        a - +3 falchion
rCold   . . .        (no shield)
rNeg    . . .        d - +0 leather armour
rPois   .            j - +0 helmet
rElec   .            n - +0 cloak
rCorr   +            (no gloves)
SInv    .            b - +0 pair of boots
Will    .....        (no amulet)
Stlth   ++           R - ring of resist corrosion
HPRegen 1.05/turn    Z - ring of wizardry
MPRegen 0.14/turn

%: guardian spirit, wizardry (x1)
@: no status effects
A: fangs 2, regeneration 1, magic shield, antimagic bite, no potion heal 2
a: no special abilities


You were on level 4 of the Dungeon.
You visited 1 branch of the dungeon, and saw 4 of its levels.

You collected 158 gold pieces.
You spent 23 gold pieces at shops.


Innate Abilities, Weirdness & Mutations

You have extremely sharp teeth.
Your natural rate of healing is unusually fast.
When hurt, damage is shared between your health and your magic reserves.
Your bite disrupts and absorbs the magic of your enemies.
Potions cannot restore your health.


   Skills:
 - Level 1.7 Fighting
 - Level 2.6 Long Blades
 + Level 4.0 Stealth
 * Level 4.3 Spellcasting
 * Level 3.8 Conjurations
 * Level 5.0 Fire Magic


You had 13 spell levels left.
You knew the following spells:

 Your Spells              Type           Power      Damage    Failure   Level
z - Foxfire               Conj/Fire      52%        2x1d6     1%          1

Your spell library contained the following spells:

 Spells                   Type           Power      Damage    Failure   Level
 Apportation              Tloc           6%         N/A       10%         1
 Necrotise                Necr           12%        1d4       10%         1
 Summon Small Mammal      Summ           12%        N/A       10%         1
 Lesser Beckoning         Tloc           6%         N/A       16%         2
 Hailstorm                Conj/Ice       6%         3d4       16%         3
 Ignite Poison            Fire/Tmut/Pois 5%         N/A       19%         3
 Gell's Gravitas          Tloc           3%         N/A       28%         3
 Teleport Other           Tloc           3%         N/A       28%         3
 Ice Form                 Ice/Tmut       1%         N/A       71%         4
 Simulacrum               Ice/Necr       0%         N/A       100%        6

Inventory:

Hand Weapons
 a - a +3 falchion (weapon)
Missiles
 o - 4 poisoned darts
Armour
 b - a +0 pair of boots (worn)
 d - a +0 leather armour (worn)
 j - a +0 helmet (worn)
 n - a +0 cloak (worn)
Jewellery
 R - a ring of resist corrosion (left hand)
 Z - a ring of wizardry (right hand)
Wands
 q - a wand of digging (6)
Scrolls
 c - 2 scrolls of teleportation {@r4}
 f - 3 scrolls of enchant armour {unknown}
 k - 4 scrolls of identify {unknown}
Potions
 e - a potion of brilliance {unknown}
 g - 4 potions of curing {unknown}
 h - 3 potions of cancellation
 i - a potion of attraction {unknown}
 l - 2 potions of lignification {unknown}
 m - a potion of haste {unknown}
 p - a potion of invisibility {unknown}

Dungeon Overview and Level Annotations

Branches:
Dungeon (4/15)
 Temple: D:4-7

Altars:
Elyvilon

Shops:
D:1 :!**[ D:4

: ................ .#
........>....#.. ..
............## .
.####. .......<....#
....... ............#
.#..... ............#
....... .............#
.............#.......#
....# .......#..@..###
....##...#.###.#So##
....#..#### #..#.##
.##.....# ##.#.?#
.#...##..#####....#
.....##.........###
##...# #.......#
.##..# #......##
>....####.....##


You could see an orc priest and an adder.


Message History

You feel sick.
You feel sick.
You are no longer poisoned.
The adder bites you but does no damage.
Okay, then.
Okay, then.
As you read the scroll labelled UREPEN ES CUF, it crumbles to dust.
It is a scroll of enchant weapon.
Your +2 falchion glows red for a moment.
The adder closely misses you.
Unknown command.
You barely miss Ijyb. Your bite misses Ijyb.
Ijyb is almost dead.
The adder misses you. Ijyb hits you but does no damage.
Unknown command.
Unknown command.
You hit Ijyb.
You kill Ijyb!
The adder bites you.
* * * LOW HITPOINT WARNING * * *
The adder barely misses you.
Unknown command.
Unknown command.
You slash the orc priest! You bite the orc priest. You drain its power.
You feel invigorated.
The orc priest is severely wounded.
The adder misses you.
The orc priest calls down the wrath of Beogh upon you.
Beogh smites you!
You die...

Skill      XL: |  1  2  3  4  5  6  7 |
---------------+----------------------+-----
Conjurations   | 1 2 3 |  3.8
Stealth        | 2 3 4 |  4.0
Spellcasting   | 2 3 4 |  4.3
Fire Magic     | 4 5 |  5.0
Fighting       | |  1.7
Long Blades    | |  2.6

Action                     |  1- 3 |  4- 6 |  7- 9 || total
---------------------------+-------+-------+-------++-------
  Melee: Falchion          |    80 |    31 |    13 ||   124
         Bite              |    15 |     6 |     4 ||    25
   Cast: Foxfire           |    20 |    56 |    57 ||   133
    Use: Scroll            |       |     3 |     1 ||     4
         Potion            |       |     2 |       ||     2
   Stab: Sleeping          |     1 |     2 |     1 ||     4
 Armour: Leather armour    |    45 |    15 |    10 ||    70
  Dodge: Dodged            |    59 |    16 |    18 ||    93

Levels and vault maps discovered:
D:1:      spicycebolla_green_bress_n_ham, layout_basic, serial_shops,
          nicolae_shop_gibbet_a_chance, nicolae_shop_tiny_statue_garden, shop,
          nicolae_shop_drivethru, nicolae_shop_mannequins
D:2:      layout_basic
D:3:      layout_basic, ebering_ecumenical_altar_hall, nicolae_half_adder,
          uniq_grinder
D:4:      layout_cave_pools, nicolae_elyvilon_peaceful_grove, serial_shops,
          nicolae_shop_tiny_statue_garden, supply_closet_lemuel, uniq_ijyb

Notes
Turn   | Place    | Note
-------+----------+-------------------------------------------
     0 | D:1      | Jeffwins the Vine Stalker Wanderer began the quest for the
                  | Orb.
     0 | D:1      | Jeffwins set off with the following items: a +2 falchion, a
                  | +0 pair of boots, a potion of berserk rage {!q}, a +0
                  | leather armour; and the following spell memorised: Foxfire;
                  | and the following spells available to memorise: Ignite
                  | Poison.
     0 | D:1      | Reached XP level 1. HP: 11/11 MP: 3/3
    49 | D:1      | Found a transporter.
    49 | D:1      | Found Fucoe's Assorted Antiques.
    87 | D:1      | Found Amam's Distillery.
   144 | D:1      | Found Qiomeote's Book Shoppe.
   145 | D:1      | Noticed a walking frostbound tome
   147 | D:1      | Noticed a walking frostbound tome
   159 | D:1      | Reached XP level 2. HP: 15/15 MP: 5/5
   280 | D:1      | Bought a potion of degeneration for 10 gold pieces
   518 | D:1      | Found Gaecwole's Antique Armour Emporium.
   606 | D:1      | Found Josutili's General Store.
   616 | D:1      | Bought a scroll of noise for 13 gold pieces
   645 | D:1      | Found a transporter.
   779 | D:2      | Reached skill level 1 in Conjurations
   887 | D:2      | Reached XP level 3. HP: 17/18 MP: 4/6
   996 | D:2      | Reached skill level 2 in Stealth
   997 | D:2      | Reached skill level 2 in Spellcasting
  1819 | D:3      | Gained mutation: Your natural rate of healing is unusually
                  | fast. [Vine Stalker growth]
  1819 | D:3      | Reached XP level 4. HP: 23/23 MP: 4/8
  1927 | D:3      | Noticed Grinder
  2292 | D:3      | Paralysed by Grinder for 2 turns
  2299 | D:3      | Killed Grinder
  2300 | D:3      | Reached skill level 3 in Stealth
  2300 | D:3      | Reached skill level 3 in Spellcasting
  2300 | D:3      | Reached skill level 2 in Conjurations
  2300 | D:3      | Reached skill level 4 in Fire Magic
  2300 | D:3      | Reached XP level 5. HP: 11/26 MP: 0/11
  2300 | D:3      | Reached XP level 6. HP: 13/30 MP: 0/12
  2510 | D:3      | Found a faded altar of an unknown god.
  2939 | D:4      | Found a white marble altar of Elyvilon.
  2971 | D:4      | Reached skill level 3 in Conjurations
  3085 | D:4      | Reached XP level 7. HP: 34/34 MP: 3/13
  3326 | D:4      | Reached skill level 4 in Spellcasting
  3561 | D:4      | Reached skill level 4 in Stealth
  3602 | D:4      | Found Onlerirch's Book Shop.
  3607 | D:4      | Noticed Ijyb
  3618 | D:4      | Reached skill level 5 in Fire Magic
  3637 | D:4      | Killed Ijyb
  3638 | D:4      | Killed from afar by an orc priest

Vanquished Creatures
  Grinder (D:3)
  An ogre (D:4)
  A bullfrog (D:4)
  2 scorpions (D:4)
  Ijyb (D:4)
  7 adders
  2 worms (D:2)
  2 dart slugs
  3 orcs (D:4)
  5 endoplasms
  5 giant cockroaches
  7 goblins
  6 hobgoblins
  8 jackals
  5 kobolds
  2 quokkas
  9 ball pythons
  3 bats
  5 frilled lizards
  4 rats
79 creatures vanquished.

Vanquished Creatures (others)
  238 foxfires
238 creatures vanquished.

Grand Total: 317 creatures vanquished

Table legend: (Time is in decaauts)
 A = Elapsed time spent in this place.
 B = Non-inter-level travel time spent in this place.
 C = Inter-level travel time spent in this place.
 D = Time resting spent in this place.
 E = Time spent auto-exploring this place.
 F = Levels seen in this place.
 G = Mean time per level.
                   A        B        C        D        E       F      G
               +--------+--------+--------+--------+--------+-----+--------+
         Total |   3664 |   3542 |    122 |     20 |   2893 |   4 |  916.0 |
       Dungeon |   3664 |   3542 |    122 |     20 |   2893 |   4 |  916.0 |
               +--------+--------+--------+--------+--------+-----+--------+

Top non-repeatable levels by time:
     D:3: 1265 daAuts
     D:2: 911 daAuts
     D:1: 771 daAuts
     D:4: 715 daAuts

Table legend:
 A = Non-vault XP
 B = Vault XP
 C = Vault XP percentage of total XP
 D = Non-vault monster count
 E = Vault monster count
 F = Vault count percentage of total count
                 A         B        C        D         E       F
            +---------+---------+-------+---------+---------+-------
      Total |     558 |     329 |  37.1 |      74 |       5 |   6.3
            +---------+---------+-------+---------+---------+-------
        D:1 |      24 |       0 |   0.0 |      15 |       0 |   0.0
        D:2 |      54 |       0 |   0.0 |      22 |       0 |   0.0
        D:3 |      30 |     297 |  90.8 |      17 |       4 |  19.0
        D:4 |     450 |      32 |   6.6 |      20 |       1 |   4.8
            +---------+---------+-------+---------+---------+-------
